 Dungeon Crawl Stone Soup version 0.29-a0-90-gc37658a0fe (webtiles) character file.

Game seed: 5301181937959149921

62 Gargoyl the Skirmisher (level 4, 0/29 HPs)
             Began as a Gargoyle Abyssal Knight on Feb 6, 2022.
             Was a Believer of Lugonu.
             Constricted to death by a ball python (1 damage)
             ... on level 4 of the Dungeon.
             The game lasted 00:02:24 (2028 turns).

Gargoyl the Skirmisher (Gargoyle Abyssal Knight)    Turns: 2028, Time: 00:02:24

Health: 0/29       AC: 17    Str: 19    XL:     4   Next: 8%
Magic:  0/5        EV:  3    Int: 10    God:    Lugonu [**....]
Gold:   101        SH:  0    Dex: 10    Spells: 3/3 levels left

rFire   . . .      SeeInvis .   b - +1 war axe
rCold   . . .      Faith    .   (no shield)
rNeg    + . .      Spirit   +   d - +0 plate armour
rPois   ∞          Reflect  .   e - +2 helmet
rElec   +          Harm     .   (no cloak)
rCorr   .          Rampage  .   (no gloves)
Will    .....                   (no boots)
Stlth   ..........              c - amulet of guardian spirit
HPRegen 0.09/turn               (no ring)
MPRegen 0.09/turn               (no ring)

@: constricted
A: sickness immunity, AC +3, negative energy resistance 1, electricity
resistance, torment resistance 1, petrification resistance
a: Renounce Religion, Depart the Abyss, Bend Space


You were on level 4 of the Dungeon.
You worshipped Lugonu.
Lugonu was pleased with you.
You visited 1 branch of the dungeon, and saw 5 of its levels.
You visited the Abyss 1 time.

You collected 101 gold pieces.

Inventory:

Hand Weapons
 a - a +1 hand axe
 b - a +1 war axe (weapon)
Armour
 d - a +0 plate armour (worn)
 e - a +2 helmet (worn)
Jewellery
 c - an amulet of guardian spirit (around neck)
Potions
 f - a potion of flight


   Skills:
 + Level 4.0 Fighting
 + Level 2.5 Axes
 + Level 2.6 Armour
 + Level 1.4 Dodging
 + Level 0.3 Stealth
 + Level 2.0 Invocations


You had 3 spell levels left.
You didn't know any spells.
Your spell library contained the following spells:

 Spells                   Type           Power      Damage    Failure   Level
 Beastly Appendage        Tmut           0%         N/A       100%        1
 Sandblast                Erth           0%         2d4       100%        1
 Passwall                 Tmut/Erth      0%         N/A       100%        2
 Wereblood                Tmut           0%         N/A       100%        2
 Spider Form              Tmut/Pois      0%         N/A       100%        3
 Stone Arrow              Conj/Erth      0%         3d7       100%        3


Dungeon Overview and Level Annotations

Branches:
Dungeon (5/15)
 Temple: D:4-7

Altars:

Shops:
D:5 (

Annotations:
D:5 Menkaure


Innate Abilities, Weirdness & Mutations

You are immune to sickness and miasma.
Your stone body is resilient. (AC +3)
You are immune to poison.
You resist negative energy. (rN+)
You are resistant to electric shocks. (rElec)
You are resistant to unholy torment.
You are immune to petrification.


Message History

The scorpion is moderately wounded.
The scorpion stings you but does no damage.
The scorpion barely misses you.
You slash the scorpion!
The scorpion is almost dead.
The scorpion closely misses you.
You closely miss the scorpion.
The scorpion is almost dead.
The scorpion stings you but does no damage.
The scorpion closely misses you.
You closely miss the scorpion.
The scorpion is almost dead.
The scorpion stings you.
* * * LOW HITPOINT WARNING * * *
The scorpion stings you but does no damage.
You closely miss the scorpion.
The scorpion is almost dead.
The scorpion stings you but does no damage.
You hit the scorpion but do no damage.
The scorpion is almost dead.
The scorpion barely misses you.
The scorpion stings you but does no damage.
You barely miss the scorpion.
The scorpion is severely wounded.
The scorpion barely misses you. The scorpion stings you.
* * * LOW HITPOINT WARNING * * *
You hit the scorpion but do no damage.
The scorpion is severely wounded.
The scorpion stings you but does no damage.
You closely miss the scorpion.
The scorpion is severely wounded.
The scorpion stings you.
* * * LOW HITPOINT WARNING * * *
The scorpion stings you but does no damage.
You slash the scorpion!
You kill the scorpion!
Lugonu accepts your kill.
The ball python bites you but does no damage.
The ball python grabs you. The ball python constricts you.
You die...

#.##.###.#
#.##.# #.#
#.##.# #.#
#.##.# ###
#.##.#
#h##.+
#.#### #.#
###
#.######@#
#.....hS)#
##########


You could see a black bear and a ball python.

Vanquished Creatures
  A scorpion (D:4)
  2 adders (D:2)
  2 worms (D:2)
  4 ball pythons
  2 bats (D:1)
  5 endoplasms (D:1)
  A giant cockroach (D:2)
  4 goblins
  3 hobgoblins (D:1)
  2 quokkas (D:1)
  9 frilled lizards (D:1)
  2 kobolds (D:1)
  4 rats
41 creatures vanquished.

Notes
Turn   | Place    | Note
-------+----------+-------------------------------------------
     0 | Abyss:1  | Gargoyl the Gargoyle Abyssal Knight began the quest for the
                  | Orb.
     0 | Abyss:1  | Reached XP level 1. HP: 14/14 MP: 2/2
     0 | D:1      | Escaped the Abyss
   114 | D:1      | Reached * piety under Lugonu
   437 | D:1      | Reached skill level 1 in Dodging
   492 | D:1      | Reached XP level 2. HP: 18/19 MP: 3/3
   689 | D:1      | Identified a scroll of acquirement
   689 | D:1      | Acquired an amulet of guardian spirit
   790 | D:1      | Reached XP level 3. HP: 24/24 MP: 4/4
  1237 | D:2      | Reached ** piety under Lugonu
  1688 | D:2      | Found a faded altar of an unknown god.
  1790 | D:2      | Reached skill level 4 in Fighting
  1816 | D:2      | Reached XP level 4. HP: 29/29 MP: 5/5
  1969 | D:3      | You fall into a shaft and drop 2 floors!
  1969 | D:5      | Entered Level 5 of the Dungeon
  1969 | D:5      | Noticed a phantom
  1969 | D:5      | Noticed a scorpion
  1969 | D:5      | Noticed an ogre
  1969 | D:5      | Found Duthah's Weapon Shop.
  1973 | D:5      | Noticed Menkaure
  1983 | D:5      | Noticed a black bear
  1983 | D:5      | Noticed a black bear
  2027 | D:4      | HP: 1/29 [scorpion (1)]
  2028 | D:4      | Killed a scorpion
  2028 | D:4      | Constricted to death by a ball python

Illustrated notes

Levels and vault maps discovered:
D:1:      matt_arrival_refuge, layout_basic, columned_hall_lemuel,
          minmay_lizard_pond
D:2:      layout_rooms, hellmonk_ecumenical_altar_inner_sanctum,
          minmay_misc_feat_x
D:3:      minmay_chambers_of_twos, layout_loops_ring, ebering_ghost_sewer_d,
          uniq_sigmund
D:4:      mumra_celtic_spiral_tile, layout_loops_ring, minmay_misc_feat_plants,
          minmay_crystal_room, guppyfry_shop_venom, uniq_edmund, uniq_ijyb
D:5:      layout_basic, serial_shops, nicolae_shop_bloodbath_and_beyond,
          uniq_menkaure

Skill      XL: |  1  2  3 |
---------------+----------+-----
Dodging        | 1 |  1.4
Axes           | 2 |  2.5
Fighting       | 4 |  4.0
Armour         | |  2.6
Stealth        | |  0.3
Invocations    | |  2.0

Action                   |  1- 3 |  4- 6 || total
-------------------------+-------+-------++-------
Melee: Hand axe          |    75 |       ||    75
       War axe           |    18 |    19 ||    37
Invok: Depart the Abyss  |     1 |       ||     1
       Bend Space        |       |     1 ||     1
  Use: Scroll            |     5 |       ||     5
Armor: Leather armour    |    36 |       ||    36
       Plate armour      |    29 |    34 ||    63
Dodge: Dodged            |    64 |    11 ||    75

Table legend: (Time is in decaauts)
 A = Elapsed time spent in this place.
 B = Non-inter-level travel time spent in this place.
 C = Inter-level travel time spent in this place.
 D = Time resting spent in this place.
 E = Time spent auto-exploring this place.
 F = Levels seen in this place.
 G = Mean time per level.
                   A        B        C        D        E       F      G
               +--------+--------+--------+--------+--------+-----+--------+
         Total |   2055 |   2011 |     44 |      0 |   1595 |   6 |  342.5 |
       Dungeon |   2055 |   2011 |     44 |      0 |   1595 |   5 |  411.0 |
         Abyss |      0 |      0 |      0 |      0 |      0 |   1 |    0.0 |
               +--------+--------+--------+--------+--------+-----+--------+

Top non-repeatable levels by time:
     D:1: 1218 daAuts
     D:2: 690 daAuts
     D:3: 84 daAuts
     D:4: 37 daAuts
     D:5: 24 daAuts
